 Dungeon Crawl Stone Soup version 0.31-a0-246-g8cbcc1cb85 (webtiles) character file.

Game seed: 4091139274788080913

31 qw the Shooter (level 3, -4/29 HPs)
             Began as a Minotaur Hexslinger on July 12, 2023.
             Slain by a gnoll
             ... wielding a +0 flail
              (6 damage)
             ... on level 2 of the Dungeon.
             The game lasted 00:00:16 (639 turns).

qw the Shooter (Minotaur Hexslinger)                 Turns: 639, Time: 00:00:16

Health: -4/29      AC:  5    Str: 12    XL:     3   Next: 7%
Magic:  3/3        EV: 11    Int: 10    God:
Gold:   59         SH:  0    Dex: 14    Spells: 3/4 levels left

rFire   . . .        a - +1 sling
rCold   . . .        (no shield)
rNeg    . . .        d - +0 ring mail
rPois   .            (helmet restricted)
rElec   .            (no cloak)
rCorr   .            (no gloves)
SInv    .            (no boots)
Will    .....        (no amulet)
Stlth   +            (no ring)
HPRegen 0.24/turn    (no ring)
MPRegen 0.08/turn

%: no passive effects
@: no status effects
A: horns 2, retaliatory headbutt
a: no special abilities


You were on level 2 of the Dungeon.
You visited 1 branch of the dungeon, and saw 2 of its levels.

You collected 59 gold pieces.


Innate Abilities, Weirdness & Mutations

You have a pair of horns on your head.
You reflexively headbutt those who attack you in melee.


   Skills:
 - Level 2.0 Fighting
 + Level 3.6 Ranged Weapons
 - Level 2.1 Dodging
 - Level 1.0 Spellcasting
 - Level 2.0 Hexes


You had 3 spell levels left.
You knew the following spells:

 Your Spells              Type           Power      Damage    Failure   Level
a - Slow                  Hex            16%        N/A       34%         1

Your spell library contained the following spells:

 Spells                   Type           Power      Damage    Failure   Level
 Inner Flame              Hex/Fire       2%         N/A       83%         3
 Portal Projectile        Hex/Tloc       4%         N/A       83%         3
 Cause Fear               Hex            2%         N/A       98%         4

Inventory:

Hand Weapons
 a - a +1 sling (weapon)
Armour
 d - a +0 ring mail (worn)
Potions
 e - a potion of enlightenment {unknown}

Dungeon Overview and Level Annotations

Branches:
Dungeon (2/15)

Altars:


Message History

You shoot a sling bullet. The gnoll shouts!
The sling bullet hits the gnoll.
The gnoll is lightly wounded.
You hear an angry hiss.
You shoot a sling bullet.
The sling bullet hits the gnoll but does no damage.
The gnoll is lightly wounded.
You shoot a sling bullet.
The sling bullet closely misses the gnoll.
The sling bullet barely misses the gnoll.
You shoot a sling bullet.
The sling bullet barely misses the gnoll.
The sling bullet hits the gnoll.
The gnoll is heavily wounded.
You shoot a sling bullet.
The sling bullet hits the gnoll but does no damage.
The gnoll is lightly wounded.
The gnoll hits you with a +0 flail! The gnoll hits you with a +0 flail.
A frilled lizard comes into view.
You shoot a sling bullet. The frilled lizard hisses angrily.
The sling bullet hits the gnoll.
The gnoll is almost dead.
The gnoll barely misses you. You furiously retaliate!
You headbutt the gnoll.
You kill the gnoll!
The gnoll hits you but does no damage.
You have reached level 3!
Your experience leads to an increase in your attributes!
Increase (S)trength, (I)ntelligence, or (D)exterity?
You feel agile. x2
You shoot a sling bullet.
The sling bullet hits the gnoll but does no damage.
The gnoll is lightly wounded.
The gnoll hits you with a +0 flail!
You shoot a sling bullet.
The sling bullet closely misses the gnoll.
The sling bullet barely misses the frilled lizard.
The gnoll hits you with a +0 flail.
You die...

... #.#
.l. #.#
...
##.##
#.g)#
##@##
#...#
##.##
#..#
#.##.##
#.....#
#####.#
#..<#.#
#.#.#.#


You could see a gnoll and a frilled lizard.

Vanquished Creatures
  A gnoll (D:2)
  A dart slug (D:1)
  A ball python (D:1)
  A bat (D:1)
  An endoplasm (D:1)
  3 goblins (D:1)
  2 hobgoblins (D:1)
  3 kobolds (D:1)
  2 quokkas (D:1)
  3 frilled lizards
18 creatures vanquished.

Notes
Turn   | Place    | Note
-------+----------+-------------------------------------------
     0 | D:1      | qw the Minotaur Hexslinger began the quest for the Orb.
     0 | D:1      | Reached XP level 1. HP: 16/16 MP: 1/1
     0 | D:1      | 0 ||| qw: Version: 0.3-a-52-g30416fa
     0 | D:1      | 0 ||| qw: Game counter: 6535
     0 | D:1      | 0 ||| qw: Melee chars always use a shield: true
     0 | D:1      | 0 ||| qw: God list: Okawaru
     0 | D:1      | 0 ||| qw: Allow faded altars: false
     0 | D:1      | 0 ||| qw: Do Orc after clearing Dungeon:15 true
     0 | D:1      | 0 ||| qw: Do second Lair branch before Depths: true
     0 | D:1      | 0 ||| qw: Lair rune preference: random
     0 | D:1      | 0 ||| qw: Goals: Normal
     0 | D:1      | 0 ||| PLANNING D:1-11
   228 | D:1      | Reached skill level 3 in Ranged Weapons
   237 | D:1      | Reached XP level 2. HP: 22/23 MP: 2/2
   578 | D:1      | 578 ||| UPGRADING to +0 ring mail.
   588 | D:1      | 588 ||| DROPPING +0 robe.
   589 | D:1      | 589 ||| DROPPING scroll of poison.
   638 | D:2      | Reached XP level 3. HP: 10/29 MP: 3/3
   638 | D:2      | HP: 2/29 [gnoll/+0 flail (9)]
   639 | D:2      | Slain by a gnoll

Levels and vault maps discovered:
D:1:      kilobyte_arrival_exit_the_forest, layout_rooms
D:2:      layout_basic, minmay_gold_behind_fungi, minmay_misc_feat_hallway,
          grunt_decor_mini_mirrors, uniq_sigmund

Skill      XL: |  1  2 |
---------------+-------+-----
Ranged Weapons | 3 |  3.6
Fighting       | 2 |  2.0
Dodging        | |  2.1
Spellcasting   | |  1.0
Hexes          | |  2.0

Action                     || total
---------------------------++-------
   Fire: Sling             ||    75
 Armour: Robe              ||     6
         Ring mail         ||     1
  Dodge: Dodged            ||    24

Table legend:
 A = Non-vault XP
 B = Vault XP
 C = Vault XP percentage of total XP
 D = Non-vault monster count
 E = Vault monster count
 F = Vault count percentage of total count
                 A         B        C        D         E       F
            +---------+---------+-------+---------+---------+-------
      Total |      45 |       0 |   0.0 |      18 |       0 |   0.0
            +---------+---------+-------+---------+---------+-------
        D:1 |      30 |       0 |   0.0 |      16 |       0 |   0.0
        D:2 |      15 |       0 |   0.0 |       2 |       0 |   0.0
            +---------+---------+-------+---------+---------+-------
